 Dungeon Crawl Stone Soup version 0.20.0-6-gd3061e9 (webtiles) character file.

170 xgamer67 the Ogre Mage (level 5, 0/49 HPs)
             Began as an Ogre Wizard on May 28, 2017.
             Was a Believer of Ru.
             Slain by a howler monkey (6 damage)
             ... on level 4 of the Dungeon.
             The game lasted 00:13:03 (3869 turns).

xgamer67 the Ogre Mage (Ogre Wizard)                Turns: 3869, Time: 00:13:05

Health: 0/49       AC:  4    Str: 11    XL:     5   Next: 50%
Magic:  1/11       EV: 10    Int: 19    God:    Ru [**....]
Gold:   209        SH:  0    Dex: 17    Spells: 4/12 levels left

rFire    . . .     SeeInvis .   a - +2 rapier (venom)
rCold    . . .     Gourm    .   (no shield)
rNeg     . . .     Faith    .   e - +0 robe
rPois    .         Spirit   .   b - +1 hat
rElec    .         Reflect  .   (no cloak)
rCorr    .         Harm     .   (gloves unavailable)
MR       .....                  (boots unavailable)
Stlth    ++........             (no amulet)
Regen    0.2/turn               k - +4 ring of dexterity
MPRegen  0.2/turn               o - +5 ring of dexterity

@: very slightly contaminated
A: unfitting armour, tough skin 1, inability to use devices
a: Renounce Religion


You were on level 4 of the Dungeon.
You worshipped Ru.
Ru was pleased with you.
You were hungry.

You visited 1 branch of the dungeon, and saw 5 of its levels.

You collected 209 gold pieces.

Inventory:

Hand Weapons
 a - a +2 rapier of venom (weapon)
 w - a +0 whip
Missiles
 j - 60 stones (quivered)
Armour
 b - a +1 hat (worn)
 e - a +0 robe (worn)
Jewellery
 k - a +4 ring of dexterity (left hand)
 o - a +5 ring of dexterity (right hand)
 p - an uncursed ring of fire
Scrolls
 f - a scroll of identify
 i - 2 scrolls of magic mapping
 l - a scroll of enchant armour
 n - 4 scrolls of remove curse
 q - a scroll of fog
Potions
 g - 2 potions of lignification {unknown}
 h - a potion of might {unknown}
 m - a potion of mutation {unknown}
 s - a potion of heal wounds {unknown}
 v - a potion of invisibility {unknown}
 x - a potion of haste {unknown}
 A - a potion of brilliance {unknown}
 B - 3 potions of curing {unknown}
Books
 c - a book of Minor Magic

   Spells                             Type                      Level
   a - Magic Dart                     Conjuration                  1
   b - Blink                          Translocation                2
   c - Call Imp                       Summoning                    2
   d - Slow                           Hexes                        2
   e - Conjure Flame                  Conjuration/Fire             3
   f - Mephitic Cloud                 Conjuration/Poison/Air       3
Comestibles
 d - 2 bread rations
 r - 2 meat rations
 t - 2 royal jellies
 u - 4 fruits


   Skills:
 + Level 1.6 Fighting
 - Level 3.0 Maces & Flails
 - Level 1.7 Dodging
 - Level 1.4 Stealth
 - Level 4.0 Spellcasting
 + Level 2.5 Conjurations
 - Level 1.1 Summonings
 - Level 1.0 Translocations
 + Level 0.0 Fire Magic


You had 4 spell levels left.
You knew the following spells:

 Your Spells              Type           Power        Failure   Level  Hunger
a - Magic Dart            Conj           ##..         4%          1    None
d - Conjure Flame         Conj/Fire      #.......     24%         3    ###....
A - Blink                 Tloc           N/A          14%         2    ##.....
D - Call Imp              Summ           #.......     13%         2    ##.....


Dungeon Overview and Level Annotations

Branches:
Dungeon (5/15)
 Temple: D:4-7

Altars:
Ru

Annotations:
D:4 zhorgal's ghost, amateur VSEE


Innate Abilities, Weirdness & Mutations

You are too large for most types of armour.
You have tough skin. (AC +1)
You cannot study or use magical devices.


Message History

Casting: Call Imp
Confirm with . or Enter, or press ? or * to list all spells.
You miscast Call Imp.
You are very lightly contaminated with residual magic.
Shadowy shapes form in the air around you, then vanish.
A howler monkey comes into view.
The howler monkey howls!
The howler monkey hits you but does no damage.
You closely miss the howler monkey. The howler monkey hits you. x2
* * * LOW HITPOINT WARNING * * *
You hit the howler monkey.
The howler monkey is lightly wounded.
The iguana hisses menacingly.
The howler monkey hits you!
* * * LOW HITPOINT WARNING * * *
You focus your will and illuminate the howler monkey in retribution!
You closely miss the howler monkey.
The howler monkey is lightly wounded.
The howler monkey hits you.
You die...

#######################
#......l.....[.........
#.....@################
#.....h#
#......##########
#......W........#
#...............#
#...............#######
#....>.................
##..............#######
#....###########


You could see a howler monkey, an iguana and zhorgal's ghost.

Vanquished Creatures
  A centaur skeleton (D:4)
  A hound zombie (D:5)
  5 adders
  An ooze (D:2)
  2 worms
  5 leopard geckos
  3 orcs
  4 giant cockroaches
  4 goblins
  10 hobgoblins
  4 jackals
  4 kobolds (D:2)
  2 quokkas (D:2)
  A ball python skeleton (D:4)
  7 bats
  A frilled lizard (D:3)
  7 rats
62 creatures vanquished.

Notes
Turn   | Place    | Note
-------+----------+-------------------------------------------
     0 | D:1      | xgamer67 the Ogre Wizard began the quest for the Orb.
     0 | D:1      | Reached XP level 1. HP: 16/16 MP: 5/5
   238 | D:1      | Reached skill level 1 in Conjurations
   281 | D:1      | Reached skill level 1 in Maces & Flails
   347 | D:1      | Reached XP level 2. HP: 20/24 MP: 6/6
   800 | D:2      | Found a sacrificial altar of Ru.
   809 | D:2      | Became a worshipper of Ru the Awakened
   885 | D:2      | Reached XP level 3. HP: 31/31 MP: 0/8
  1718 | D:2      | Learned a level 2 spell: Blink
  1721 | D:2      | Learned a level 2 spell: Call Imp
  1725 | D:2      | Learned a level 3 spell: Conjure Flame
  1844 | D:2      | Reached skill level 1 in Summonings
  1844 | D:2      | Reached skill level 1 in Translocations
  1844 | D:2      | Reached XP level 4. HP: 39/39 MP: 3/9
  2952 | D:3      | Reached skill level 4 in Spellcasting
  3003 | D:3      | Gained mutation: You cannot study or use magical devices. [Ru sacrifice]
  3003 | D:3      | Reached * piety under Ru
  3003 | D:3      | Reached ** piety under Ru
  3036 | D:3      | Reached XP level 5. HP: 44/45 MP: 11/11
  3650 | D:4      | Noticed zhorgal's ghost (amateur VSEE)
  3693 | D:4      | Reached skill level 1 in Fighting
  3700 | D:5      | Entered Level 5 of the Dungeon
  3869 | D:4      | Slain by a howler monkey

Skill      XL: |  1  2  3  4  5 |
---------------+----------------+-----
Conjurations   | 1 2 |  2.5
Maces & Flails | 1 2 3 |  3.0
Summonings     | 1 |  1.1
Translocations | 1 |  1.0
Spellcasting   | 4 |  4.0
Fighting       | 1 |  1.6
Dodging        | |  1.7
Stealth        | |  1.4

Action                   |  1- 3 |  4- 6 || total
-------------------------+-------+-------++-------
Melee: Whip              |   108 |    50 ||   158
       Dagger            |       |    28 ||    28
       Rapier            |       |    15 ||    15
 Cast: Magic Dart        |    34 |    65 ||    99
       Conjure Flame     |       |     3 ||     3
       Call Imp          |       |     3 ||     3
       Blink             |       |     2 ||     2
Invok: Sacrifice Artific |       |     1 ||     1
  Use: Scroll            |       |     5 ||     5
 Stab: Sleeping          |     5 |     3 ||     8
  Eat: Chunk             |     3 |     6 ||     9
Armor: Robe              |    37 |    38 ||    75
Dodge: Dodged            |    71 |    57 ||   128
